 Dungeon Crawl Stone Soup version 0.31-a0-261-g072fdb8a1f (webtiles) character file.

Game seed: 9507170875981373438

72 qw the Shooter (level 4, -3/26 HPs)
             Began as a Gargoyle Hexslinger on July 13, 2023.
             Slain by Grinder (9 damage)
             ... while paralysed by Grinder
             ... on level 3 of the Dungeon.
             The game lasted 00:00:44 (1549 turns).

qw the Shooter (Gargoyle Hexslinger)                Turns: 1549, Time: 00:00:44

Health: -3/26      AC:  6    Str: 11    XL:     4   Next: 26%
Magic:  5/5        EV:  2    Int: 14    God:
Gold:   84         SH:  0    Dex: 14    Spells: 4/5 levels left

rFire   . . .        Y - +1 sling
rCold   . . .        (no shield)
rNeg    + . .        d - +0 leather armour
rPois   inf          (no helmet)
rElec   +            (no cloak)
rCorr   .            (no gloves)
SInv    .            (no boots)
Will    .....        (no amulet)
Stlth   +            (no ring)
HPRegen 0.24/turn    (no ring)
MPRegen 0.09/turn

%: no passive effects
@: paralysed
A: sickness immunity, AC +3, negative energy resistance 1, electricity
resistance, torment resistance 1, petrification resistance
a: no special abilities


You were on level 3 of the Dungeon.
You visited 1 branch of the dungeon, and saw 3 of its levels.

You collected 84 gold pieces.


Innate Abilities, Weirdness & Mutations

You are immune to sickness and miasma.
Your stone body is resilient. (AC +3)
You are immune to poison.
You resist negative energy. (rN+)
You are resistant to electric shocks. (rElec)
You are resistant to unholy torment.
You are immune to petrification.


   Skills:
 - Level 2.0 Fighting
 + Level 4.1 Ranged Weapons
 - Level 1.5 Dodging
 - Level 1.0 Spellcasting
 - Level 2.6 Hexes


You had 4 spell levels left.
You knew the following spells:

 Your Spells              Type           Power      Damage    Failure   Level
a - Slow                  Hex            32%        N/A       12%         1

Your spell library contained the following spells:

 Spells                   Type           Power      Damage    Failure   Level
 Inner Flame              Hex/Fire       4%         N/A       52%         3
 Portal Projectile        Hex/Tloc       8%         N/A       52%         3
 Cause Fear               Hex            4%         N/A       75%         4

Inventory:

Hand Weapons
 Y - a +1 sling (weapon)
Armour
 d - a +0 leather armour (worn)
Jewellery
 e - a ring of ice
Potions
 f - a potion of resistance {unknown}
 g - a potion of mutation {unknown}
 i - a potion of enlightenment
 j - a potion of degeneration {unknown}
 k - a potion of might
 l - a potion of berserk rage {unknown}
 m - a potion of lignification {unknown}

Dungeon Overview and Level Annotations

Branches:
Dungeon (3/15)

Altars:

Annotations:
D:3 Grinder, Pargi


Message History

The slug dart hits you. Pargi bites you. Pargi claws you.
Pargi barely misses you.
You shoot a sling bullet. The sling bullet closely misses Pargi.
Pargi closely misses you. x3
The dart slug launches a dart at you. The slug dart hits you.
You shoot a sling bullet. The sling bullet closely misses Pargi.
Pargi bites you but does no damage. Pargi closely misses you.
Pargi claws you but does no damage.
You shoot a sling bullet. The sling bullet closely misses Pargi.
Pargi bites you. Pargi closely misses you. Pargi claws you but does no damage.
Grinder gestures at you.
You suddenly lose the ability to move!
Pargi bites you but does no damage. Pargi claws you but does no damage.
Pargi barely misses you. Grinder gestures at you.
Pain shoots through your body! Pargi bites you.
Pargi claws you but does no damage. Pargi claws you.
You can move again.
1544 ||| DRINKING potion of heal wounds.
You feel much better. The dart slug launches a dart at you.
The slug dart hits you. Pargi bites you. Pargi misses you.
Pargi completely misses you.
You shoot a sling bullet. The sling bullet hits Pargi.
Pargi is lightly wounded.
Pargi bites you. Pargi closely misses you. Pargi claws you but does no damage.
You shoot a sling bullet. The sling bullet hits Pargi.
Pargi is moderately wounded.
Grinder says, "Tell me all your secrets, or I'll kill you."
Grinder gestures at you.
You suddenly lose the ability to move!
Pargi bites you but does no damage. Pargi claws you but does no damage.
Pargi claws you. Grinder gestures at you. You resist with significant effort.
Pargi bites you. Pargi claws you. Pargi claws you but does no damage.
The dart slug launches a dart at you. The slug dart hits you.
Grinder barely misses you. Pargi bites you. Pargi claws you.
Pargi claws you but does no damage. Grinder hits you!
You die...

......#.###.#.....#
#.......'...>.+
###.....#.....##.#
.........####.....#
########.# #.###.#
#####.####.# #
#..........#
#.###.###### #@#
#.....T5w#
#........#
#........#
#........#
#........#
#........#
#........#


You could see Grinder, Pargi and a dart slug.

Vanquished Creatures
  2 adders
  2 worms (D:2)
  5 ball pythons
  4 endoplasms
  A giant cockroach (D:1)
  4 goblins
  5 hobgoblins
  4 jackals (D:1)
  4 kobolds
  3 quokkas
  3 bats
  3 frilled lizards
  6 rats
46 creatures vanquished.

Notes
Turn   | Place    | Note
-------+----------+-------------------------------------------
     0 | D:1      | qw the Gargoyle Hexslinger began the quest for the Orb.
     0 | D:1      | Reached XP level 1. HP: 12/12 MP: 2/2
     0 | D:1      | 0 ||| qw: Version: 0.3-a-52-g30416fa
     0 | D:1      | 0 ||| qw: Game counter: 6992
     0 | D:1      | 0 ||| qw: Melee chars always use a shield: true
     0 | D:1      | 0 ||| qw: God list: Okawaru
     0 | D:1      | 0 ||| qw: Allow faded altars: false
     0 | D:1      | 0 ||| qw: Do Orc after clearing Dungeon:15 true
     0 | D:1      | 0 ||| qw: Do second Lair branch before Depths: true
     0 | D:1      | 0 ||| qw: Lair rune preference: random
     0 | D:1      | 0 ||| qw: Goals: Normal
     0 | D:1      | 0 ||| PLANNING D:1-11
    88 | D:1      | Reached XP level 2. HP: 16/16 MP: 3/3
   212 | D:1      | Reached skill level 3 in Ranged Weapons
   291 | D:1      | Reached XP level 3. HP: 21/21 MP: 4/4
   700 | D:1      | 700 ||| UPGRADING to +0 leather armour.
   710 | D:1      | 710 ||| DROPPING +0 robe.
   711 | D:1      | 711 ||| READING scroll labelled YTIGA HUATTIPN.
   712 | D:1      | 712 ||| READING scroll labelled ORPHEA XUAQARPHEFUR.
   713 | D:1      | 713 ||| READING scroll labelled VUCYGI CYMOHUA.
   714 | D:1      | 714 ||| DRINKING 2 smoky inky potions.
   715 | D:1      | 715 ||| DROPPING scroll of poison.
  1174 | D:2      | Reached XP level 4. HP: 19/26 MP: 5/5
  1445 | D:2      | 1445 ||| DROPPING ring of magical power.
  1446 | D:2      | 1446 ||| READING scroll labelled YZEGIZXARIEH.
  1449 | D:2      | 1449 ||| READING scroll labelled NOMENL IFEMNIC.
  1450 | D:2      | 1450 ||| DRINKING 3 bubbling golden potions.
  1451 | D:2      | 1451 ||| DRINKING 2 ruby potions.
  1475 | D:3      | Reached skill level 4 in Ranged Weapons
  1528 | D:3      | Noticed Pargi
  1530 | D:3      | Noticed Grinder
  1536 | D:3      | HP: 4/26 [Pargi (5)]
  1537 | D:3      | 1537 ||| DRINKING 2 potions of heal wounds.
  1542 | D:3      | Paralysed by Grinder for 2 turns
  1543 | D:3      | HP: 6/26 [Grinder/nerve-wracking pain (4)]
  1543 | D:3      | HP: 2/26 [Pargi (1)]
  1544 | D:3      | 1544 ||| DRINKING potion of heal wounds.
  1546 | D:3      | Paralysed by Grinder for 4 turns
  1548 | D:3      | HP: 6/26 [Pargi (1)]
  1549 | D:3      | Slain by Grinder

Levels and vault maps discovered:
D:1:      amcnicky_arrival_single_pillar, layout_loops_ring, minivault_4
D:2:      layout_loops_cross, kennysheep_generic_room_7
D:3:      layout_basic, uniq_grinder, uniq_pargi

Skill      XL: |  1  2  3  4 |
---------------+-------------+-----
Ranged Weapons | 3 4 |  4.1
Fighting       | 2 |  2.0
Dodging        | |  1.5
Spellcasting   | |  1.0
Hexes          | |  2.6

Action                     |  1- 3 |  4- 6 || total
---------------------------+-------+-------++-------
   Fire: Sling             |   145 |    30 ||   175
    Use: Scroll            |     3 |     2 ||     5
         Potion            |     1 |     4 ||     5
 Armour: Robe              |    15 |       ||    15
         Leather armour    |     7 |    34 ||    41
  Dodge: Dodged            |    57 |    26 ||    83

Table legend:
 A = Non-vault XP
 B = Vault XP
 C = Vault XP percentage of total XP
 D = Non-vault monster count
 E = Vault monster count
 F = Vault count percentage of total count
                 A         B        C        D         E       F
            +---------+---------+-------+---------+---------+-------
      Total |     103 |       1 |   1.0 |      45 |       1 |   2.2
            +---------+---------+-------+---------+---------+-------
        D:1 |      47 |       0 |   0.0 |      28 |       0 |   0.0
        D:2 |      40 |       1 |   2.4 |      14 |       1 |   6.7
        D:3 |      16 |       0 |   0.0 |       3 |       0 |   0.0
            +---------+---------+-------+---------+---------+-------
